 Dungeon Crawl Stone Soup version 0.30-a0-341-g682706514a (webtiles) character file.

Game seed: 11043683418742041711

1213 koil the Ruffian (level 8, -9/67 HPs)
             Began as a White Draconian Transmuter on Nov 5, 2022.
             Mangled by a mummy (11 damage)
             ... in an ossuary.
             The game lasted 00:11:46 (4180 turns).

koil the Ruffian (White Draconian Transmuter)       Turns: 4180, Time: 00:11:47

Health: -9/67      AC:  6    Str: 13    XL:     8   Next: 22%
Magic:  13/14      EV: 13    Int: 15    God:
Gold:   150        SH:  0    Dex: 12    Spells: 6/15 levels left

rFire   . . .      SeeInvis .      - Unarmed
rCold   + . .      Faith    .    (no shield)
rNeg    . . .      Spirit   .    (body armour unavailable)
rPois   .          Reflect  .    (helmet restricted)
rElec   .          Harm     .    (no cloak)
rCorr   .          Rampage  .    (no gloves)
Will    .....                    (no boots)
Stlth   +.........               (no amulet)
HPRegen 0.31/turn                (no ring)
MPRegen 0.14/turn                (no ring)

@: marked, wereblooded
A: breathe frost, AC +6, unfitting armour, cold resistance 1, cold-blooded
a: Breathe Frost


You were in an ossuary.
You visited 1 branch of the dungeon, and saw 4 of its levels.
You also visited: Ossuary.

You collected 150 gold pieces.

Inventory:

Missiles
 p - a throwing net
Jewellery
 f - a ring of fire
 k - a +6 ring of strength
Wands
 r - a wand of paralysis (5)
Scrolls
 b - 2 scrolls of magic mapping {unknown}
 c - a scroll of enchant weapon {unknown}
 e - a scroll of summoning {unknown}
 l - a scroll of blinking {unknown}
 m - 2 scrolls of noise {unknown}
 n - a scroll of teleportation {unknown}
 o - a scroll of poison {unknown}
 s - 2 scrolls of identify {unknown}
 t - a scroll of immolation {unknown}
 u - a scroll of fear {unknown}
Potions
 a - 3 potions of lignification
 d - a potion of curing {unknown}
 g - a potion of haste {unknown}
 h - a potion of might
 i - 3 potions of flight {unknown}
 j - a potion of cancellation {unknown}
 q - a potion of mutation {unknown}
 v - a potion of attraction {unknown}
 w - a potion of ambrosia {unknown}
 x - 2 potions of invisibility {unknown}
 z - 2 potions of brilliance {unknown}
 A - a potion of magic {unknown}
 B - a potion of experience {unknown}


   Skills:
 + Level 4.9 Fighting
 + Level 4.3 Dodging
 + Level 5.2 Unarmed Combat
 + Level 4.4 Spellcasting
 + Level 4.7 Transmutations


You had 6 spell levels left.
You knew the following spells:

 Your Spells              Type           Power      Damage    Failure   Level
a - Beastly Appendage     Tmut           34%        N/A       2%          1
b - Wereblood             Tmut           17%        N/A       3%          2
c - Spider Form           Tmut/Pois      10%        N/A       21%         3
d - Ignite Poison         Fire/Tmut/Pois 8%         N/A       26%         3

Your spell library contained the following spells:

 Spells                   Type           Power      Damage    Failure   Level
 Sting                    Tmut/Pois      40%        1d5       7%          1
 Poisonous Vapours        Pois/Air       6%         N/A       26%         2
 Dazzling Flash           Conj/Hex       6%         N/A       45%         3
 Kindle Blastsparks       Fire/Tloc/Air  6%         2d10      45%         3
 Ice Form                 Ice/Tmut       10%        N/A       54%         4
 Olgreb's Toxic Radiance  Pois           3%         N/A       86%         4
 Agony                    Necr           3%         N/A       99%         5
 Freezing Cloud           Conj/Ice/Air   1%         6-21      99%         5
 Silence                  Hex/Air        1%         N/A       99%         5
 Malign Gateway           Summ/Tloc      1%         N/A       100%        7
 Summon Horrible Things   Summ           1%         N/A       100%        8


Dungeon Overview and Level Annotations

Branches:
Dungeon (4/15)            Ossuary (1/1)
 Temple: D:4-7

Altars:
Ashenzari
Dithmenos
Trog
Vehumet


Innate Abilities, Weirdness & Mutations

You can breathe waves of freezing cold which knock back foes.
Your icy white scales are hard. (AC +6)
You cannot fit into any form of body armour.
Your flesh is cold resistant. (rC+)
You are cold-blooded and may be slowed by cold attacks.


Message History

The mummy is moderately damaged.
The mummy hits you. The mummy hits you!
You hit the mummy but do no damage.
The mummy is moderately damaged.
The mummy closely misses you. The mummy barely misses you.
You hit the mummy. You claw the mummy, but do no damage.
Your tail-slap misses the mummy.
The mummy is moderately damaged.
The mummy barely misses you.
You barely miss the mummy. You claw the mummy, but do no damage.
The mummy is moderately damaged.
The mummy hits you! x2
* * * LOW HITPOINT WARNING * * *
You hit the mummy.
Your tail-slap misses the mummy.
Your punch misses the mummy.
The mummy is severely damaged.
The mummy hits you but does no damage. The mummy misses you.
Your transformation is almost over.
The mummy enters a dispersal trap!
The mummy blinks! x5; You blink.
The mummy blinks!
The mummy pulls the alarm!
The alarm trap emits a blaring wail!
A sentinel's mark forms upon you.
You hit the mummy. You claw the mummy, but do no damage.
The mummy is lightly damaged.
You barely miss the mummy.
The mummy is lightly damaged.
The mummy hits you!
* * * LOW HITPOINT WARNING * * *
You hit the mummy but do no damage. You claw the mummy.
Your punch misses the mummy.
The mummy is heavily damaged.
Your horns disappear.
Your talons disappear.
You hit the mummy.
The mummy is severely damaged.
The mummy hits you but does no damage.
You hit the mummy. You tail-slap the mummy.
The mummy is almost destroyed.
The mummy barely misses you. The mummy hits you!
You die...

##....^##
#..^....#
##....^##
#....^..#
##.^...##
#..^....#
##.....##
#...M...#
##..M@.##
#.......#
##...M.##
#.^.....#
##.....##
#.^^....#
##.^...##
##..^^^##
#?....ยง!#


You could see 3 mummies.

Vanquished Creatures
  Pikel (D:4)
  Sigmund (D:3)
  A lemure (D:4)
  A phantom (D:3)
  A howler monkey (D:3)
  4 centaur zombies (Ossuary)
  An iguana (D:4)
  An orc wizard (D:3)
  Terence (D:3)
  4 mummies
  8 gnolls
  7 adders
  A worm (D:2)
  5 dart slugs
  9 orcs
  5 endoplasms
  4 giant cockroaches
  A goblin (D:4)
  8 hobgoblins
  6 kobolds
  3 quokkas (D:1)
  7 ball pythons
  4 bats
  3 frilled lizards
  4 hobgoblin zombies (Ossuary)
  3 rats
94 creatures vanquished.

Vanquished Creatures (others)
  2 plants (D:1)
2 creatures vanquished.

Grand Total: 96 creatures vanquished

Notes
Turn   | Place    | Note
-------+----------+-------------------------------------------
     0 | D:1      | koil the Draconian Transmuter began the quest for the Orb.
     0 | D:1      | Reached XP level 1. HP: 16/16 MP: 3/3
    69 | D:1      | Found a faded altar of an unknown god.
   289 | D:1      | Reached XP level 2. HP: 11/23 MP: 3/5
   307 | D:1      | Learned a level 2 spell: Wereblood
  1581 | D:2      | Reached XP level 3. HP: 15/29 MP: 4/6
  1956 | D:2      | Reached XP level 4. HP: 33/36 MP: 5/7
  2310 | D:3      | Noticed a phantom
  2324 | D:3      | Killed a phantom
  2325 | D:3      | Reached XP level 5. HP: 25/42 MP: 5/9
  2503 | D:3      | Noticed Terence
  2520 | D:3      | Killed Terence
  2724 | D:3      | Reached skill level 4 in Unarmed Combat
  2774 | D:3      | Reached XP level 6. HP: 34/51 MP: 10/10
  2934 | D:3      | Learned a level 3 spell: Spider Form
  2938 | D:3      | Learned a level 3 spell: Ignite Poison
  3002 | D:3      | Found a shadowy altar of Dithmenos.
  3018 | D:3      | Noticed Sigmund
  3038 | D:3      | Killed Sigmund
  3185 | D:3      | Found a radiant altar of Vehumet.
  3517 | D:4      | Your scales start taking on an icy white colour.
  3517 | D:4      | Reached XP level 7. HP: 56/58 MP: 8/12
  3517 | D:4      | Gained mutation: Your flesh is cold resistant. (rC+) [White
                  | Draconian growth]
  3765 | D:4      | Noticed Pikel
  3796 | D:4      | Killed Pikel
  3797 | D:4      | Reached skill level 5 in Unarmed Combat
  3797 | D:4      | Reached XP level 8. HP: 43/67 MP: 12/14
  3882 | D:4      | Found a broken altar of Ashenzari.
  3889 | D:4      | Found a bloodstained altar of Trog.
  3972 | D:4      | Found a sand-covered staircase.
  3984 | Ossuary  | Entered an ossuary
  4177 | Ossuary  | HP: 1/67 [mummy (14)]
  4180 | Ossuary  | Mangled by a mummy

Illustrated notes

Levels and vault maps discovered:
D:1:      eino_arrival_cavern_a, layout_basic, basic_ecumenical_altar,
          minmay_door_square, chequers_big_river, minivault_27
D:2:      layout_loops_corners
D:3:      layout_rooms, nicolae_overflow_hidden_temple, marbit_many_paths,
          uniq_sigmund, uniq_terence
D:4:      layout_loops_ring, lemuel_round_altar,
          amethyst_overflow_temple_binary, gup_ossuary_entry_pyramid, uniq_pikel
Ossuary:  ossuary_the_hunt_dpeg

Skill      XL: |  1  2  3  4  5  6  7 |
---------------+----------------------+-----
Dodging        | 2 3 4 |  4.3
Fighting       | 2 3 4 |  4.9
Transmutations | 3 4 |  4.7
Spellcasting   | 3 4 |  4.4
Unarmed Combat | 4 5 |  5.2

Action                   |  1- 3 |  4- 6 |  7- 9 || total
-------------------------+-------+-------+-------++-------
Melee: Unarmed           |   110 |   146 |   101 ||   357
       Headbutt          |    13 |    22 |    19 ||    54
       Tailslap          |     8 |    18 |    16 ||    42
       Punch             |     3 |     1 |     2 ||     6
       Kick              |    11 |    31 |    37 ||    79
 Cast: Beastly Appendage |    13 |    14 |    10 ||    37
       Wereblood         |     1 |     5 |     3 ||     9
       Spider Form       |       |     1 |       ||     1
 Abil: Breathe Frost     |       |       |     1 ||     1
Evoke: Wand              |       |       |     2 ||     2
Armor: Skin              |    29 |    30 |    38 ||    97
Dodge: Dodged            |    73 |    69 |    79 ||   221

Table legend: (Time is in decaauts)
 A = Elapsed time spent in this place.
 B = Non-inter-level travel time spent in this place.
 C = Inter-level travel time spent in this place.
 D = Time resting spent in this place.
 E = Time spent auto-exploring this place.
 F = Levels seen in this place.
 G = Mean time per level.
                   A        B        C        D        E       F      G
               +--------+--------+--------+--------+--------+-----+--------+
         Total |   4157 |   4089 |     68 |     88 |   3179 |   5 |  831.4 |
       Dungeon |   3965 |   3897 |     68 |      0 |   3152 |   4 |  991.2 |
       Ossuary |    191 |    191 |      0 |     88 |     27 |   1 |  191.0 |
               +--------+--------+--------+--------+--------+-----+--------+

Top non-repeatable levels by time:
     D:1: 1239 daAuts
     D:2: 1068 daAuts
     D:3: 937 daAuts
     D:4: 720 daAuts
 Ossuary: 191 daAuts
